 Dungeon Crawl Stone Soup version 0.26.1-2-gb8aa6d0cf2 (webtiles) character file.

Game seed: 8346252323150707632

71295 windgrace the Slicer (level 15, -13/103 HPs)
             Began as an Octopode Brigand on Feb 19, 2021.
             Was the Champion of Dithmenos.
             Mangled by a phantasmal warrior (18 damage)
             ... led by a death knight
             ... on level 13 of the Dungeon.
             The game lasted 02:19:52 (29135 turns).

windgrace the Slicer (Octopode Brigand)            Turns: 29135, Time: 02:19:53

Health: -13/103    AC: 14    Str: 13    XL:     15   Next: 36%
Magic:  15/25      EV: 21    Int: 16    God:    Dithmenos [******]
Gold:   1738       SH: 18    Dex: 21    Spells: 16/28 levels left

rFire    + + .     SeeInvis +   u - +2 short sword (speed)
rCold    . . .     Faith    .   G - +1 kite shield
rNeg     . . .     Spirit   .   (helmet restricted)
rPois    .         Reflect  +   L - amulet of reflection
rElec    .         Harm     .   o - +6 ring of dexterity
rCorr    .         Rampage  .   M - +4 ring of protection
Will     +....                  N - ring of protection from cold Stlth **++++++++
                                R - ring of fire
HPRegen  0.27/turn              Z - ring of see invisible
MPRegen  0.19/turn              C - ring of fire
                                (no ring)
                                (no ring)

@: icy armour, frozen ramparts, wreathed by umbra
A: almost no armour, stealthy swim, amphibious, 8 rings, constrict 8, antennae
1, molten scales 1, camouflage 1, cold resistance 1, gelatinous body 1
a: Renounce Religion, Shadow Step, Shadow Form


You were on level 13 of the Dungeon.
You worshipped Dithmenos.
Dithmenos was exalted by your worship.
You visited 5 branches of the dungeon, and saw 23 of its levels.

You collected 1738 gold pieces.

Inventory:

Hand Weapons
 u - a +2 short sword of speed (weapon)
 A - a +2 dagger of chaos
 X - a +2 vampiric demon trident
Missiles
 b - 44 poisoned darts
 c - 5 curare-tipped darts (quivered)
 l - 16 javelins
 O - 3 boomerangs of dispersal
Armour
 G - a +1 kite shield (worn)
Magical Staves
 a - an uncursed staff of cold
 T - an uncursed staff of fire
Jewellery
 o - a +6 ring of dexterity (left tentacle)
 w - an uncursed amulet of the acrobat
 C - a ring of fire (on tentacle)
 L - an amulet of reflection (around mantle)
 M - a +4 ring of protection (right tentacle)
 N - a ring of protection from cold (on tentacle)
 R - a ring of fire (on tentacle)
 Z - a ring of see invisible (on tentacle)
Wands
 s - a wand of disintegration (16)
 I - a wand of digging (11)
 K - a wand of acid (38)
 S - a wand of random effects (7)
 V - a wand of enslavement (6)
 Y - a wand of flame (38)
Scrolls
 f - 3 scrolls of fear
 n - 11 scrolls of teleportation
 p - 4 scrolls of enchant weapon
 t - 3 scrolls of remove curse
 x - 4 scrolls of magic mapping
 y - 2 scrolls of enchant armour
 z - a scroll of summoning
 B - 4 scrolls of amnesia
 J - a scroll of identify
 P - 2 scrolls of silence {unknown}
 Q - 2 scrolls of immolation
 U - 3 scrolls of fog
Potions
 d - 3 potions of curing
 e - 2 potions of ambrosia
 g - 2 potions of invisibility
 h - a potion of experience {unknown}
 i - a potion of degeneration {unknown}
 j - 3 potions of mutation
 k - 2 potions of berserk rage {unknown}
 m - a potion of might {unknown}
 q - 3 potions of haste
 r - a potion of magic {unknown}
 v - 3 potions of lignification {unknown}
 E - 2 potions of resistance {unknown}
 F - a potion of cancellation
 H - 3 potions of brilliance
 W - 2 potions of flight {unknown}


   Skills:
 - Level 10.0 Fighting
 - Level 12.0 Short Blades
 - Level 5.0 Throwing
 - Level 10.0 Dodging
 - Level 12.0 Stealth
 + Level 10.7 Shields
 - Level 7.0 Spellcasting
 - Level 5.0 Hexes
 - Level 7.0 Ice Magic
 - Level 7.0 Invocations
 - Level 7.0 Evocations


You had 16 spell levels left.
You knew the following spells:

 Your Spells              Type           Power        Failure   Level
a - Freeze                Ice            100%         1%          1
b - Frozen Ramparts       Ice            56%          3%          3
c - Ozocubu's Armour      Ice            28%          3%          3
d - Metabolic Englaciati  Hex/Ice        12%          45%         5

Your spell library contained the following spells:

 Spells                   Type           Power        Failure   Level
 Confusing Touch          Hex            21%          9%          3
 Animate Skeleton         Necr           10%          22%         1
 Beastly Appendage        Tmut           10%          22%         1
 Pain                     Necr           20%          22%         1
 Cause Fear               Hex            10%          26%         4
 Passwall                 Tmut/Erth      4%           32%         2
 Swiftness                Air            5%           32%         2
 Wereblood                Tmut           5%           32%         2
 Hailstorm                Conj/Ice       16%          45%         4
 Ice Form                 Ice/Tmut       16%          45%         4
 Summon Ice Beast         Ice/Summ       16%          45%         4
 Gell's Gravitas          Tloc           2%           54%         3
 Ignite Poison            Fire/Tmut/Pois 12%          54%         3
 Spider Form              Tmut/Pois      2%           54%         3
 Static Discharge         Conj/Air       5%           54%         3
 Vampiric Draining        Necr           2%           54%         3
 Leda's Liquefaction      Hex/Erth       6%           58%         4
 Animate Dead             Necr           2%           91%         4
 Passage of Golubria      Tloc           N/A          91%         4
 Petrify                  Tmut/Erth      5%           91%         4
 Silence                  Hex/Air        6%           91%         5
 Yara's Violent Unravell  Hex/Tmut       6%           91%         5
 Agony                    Necr           5%           99%         5
 Blade Hands              Tmut           2%           99%         5
 Fireball                 Conj/Fire      6%           99%         5
 Lee's Rapid Deconstruct  Erth           2%           99%         5
 Lightning Bolt           Conj/Air       2%           99%         5
 Invisibility             Hex            21%          99%         6
 Starburst                Conj/Fire      6%           100%        6
 Dragon Form              Tmut           2%           100%        7
 Discord                  Hex            10%          100%        8
 Ignition                 Fire           6%           100%        8
 Shatter                  Erth           2%           100%        9
 Tornado                  Air            2%           100%        9


Dungeon Overview and Level Annotations

Branches:
Dungeon (14/15)            Temple (1/1) D:4            Lair (6/6) D:11
  Swamp (1/4) Lair:3        Snake (1/4) Lair:2        Slime (0/5) Lair:6
    Orc (0/2) D:12
 Vaults: D:13-14

Altars:
Ashenzari
Cheibriados
Dithmenos
Elyvilon
Fedhas
Gozag
Hepliaklqana
Kikubaaqudgha
Makhleb
Nemelex Xobeh
Okawaru
Qazlal
Ru
Sif Muna
Trog
Uskayaw
Vehumet
Wu Jian
Xom
Yredelemnul
Zin
The Shining One

Shops:
D:11 (   D:12 (   D:13 (

Portals:
Hell: Lair:6
Abyss: Lair:2

Annotations:
Lair:2 2 transporters, axecop's ghost, journeyman DsAK


Innate Abilities, Weirdness & Mutations

You cannot wear most types of armour.
You are very stealthy in the water. (Stealth+)
You are amphibious.
You can wear up to eight rings at the same time.
You can use your tentacles to constrict eight enemies at once.
Your skin changes colour to match your surroundings (Stealth+).
Your rubbery body absorbs attacks. (AC +1, EV +1)
You have a pair of small antennae on your head.
You are partially covered in molten scales. (AC +2)
Your flesh is cold resistant. (rC+)


Message History

You hit the phantasmal warrior but do no damage.
The phantasmal warrior is almost destroyed.
Your shadow hits the phantasmal warrior but does no damage.
The phantasmal warrior resists.
The wall freezes the phantasmal warrior.
The phantasmal warrior hits you!!
* * * LOW HITPOINT WARNING * * *
You emit a cloud of dark smoke.
You hit the phantasmal warrior but do no damage.
You squeeze the phantasmal warrior, but do no damage.
The phantasmal warrior is almost destroyed.
Aiming: Throw Flame
Press: ? - help, Shift-Dir - straight line, f - phantasmal warrior
Aim: a phantasmal warrior (black smoke, almost destroyed, umbra, 26% to evade)
The puff of flame hits the phantasmal warrior.
The phantasmal warrior is almost destroyed.
The phantasmal warrior resists.
The wall freezes the phantasmal warrior.
The phantasmal warrior hits you!!
You die...

.# #...............# .#
#.W..§..........#
>#########....>..........#
............######.......#
........[...#....#....<..#
.###.......§#....#.......#
#..##.......#....#.......#
.#..##......##§###§...)..#
..#.[##.......§W@§§......##
#..#..#.......######......#
.#..#.#.......# #......#
..#..#........#
#......######
.#..#.#.......#
#...........#
#..#..#.......#
#...........#
..#..##.......#
#...........#
.#..##........#
#...........#
#..##.........#
#...........#


You could see a phantasmal warrior.

Vanquished Creatures
  Rupert (Lair:5)
  A bunyip (Swamp:1)
  The ghost of Guntacva the Grappler, a journeyman TrMo of Ru (D:12)
  Erolcha (D:10)
  A naga warrior (Snake:1)
  10 hydras
  A boulder beetle (D:13)
  2 centaur warriors (D:13)
  A catoblepas (Lair:6)
  3 alligators (Swamp:1)
  7 two-headed ogres
  2 anacondas
  A death knight (D:14)
  A dancing weapon (D:12)
  Urug (Lair:1)
  A sixfirhy (Lair:6)
  A wizard (Lair:6)
  4 unseen horrors
  A bog body (Lair:3)
  A phantasmal warrior (D:13)
  A naga ritualist (Snake:1)
  A wolf spider (D:13)
  A mana viper (Snake:1)
  2 ugly things
  3 oklob plants (Lair:3)
  3 deep elf magi
  A smoke demon (Lair:6)
  4 centaur zombies
  7 black mambas
  3 orange demons (Lair:6)
  6 elephants
  2 gargoyles
  5 rime drakes (Lair:6)
  6 cane toads
  A kobold demonologist (D:13)
  7 komodo dragons
  2 red devils (Lair:6)
  6 trolls
  2 polar bears
  3 slime creatures
  3 hornets
  A meliai zombie (D:13)
  6 blink frogs
  2 shadows (D:13)
  A spriggan (Swamp:1)
  7 wyverns
  2 wraiths (D:13)
  64 yaks
  A steam dragon (D:9)
  A basilisk (D:11)
  Menkaure (D:7)
  2 soldier ants
  4 nagas
  4 swamp worms (Lair:3)
  An acid dragon (D:12)
  14 water moccasins
  7 hell hounds
  3 black bears
  3 sky beasts
  3 orc warriors
  2 ice beasts (D:11)
  6 phantoms
  A necrophage (D:7)
  3 ogres
  7 wolves
  7 centaurs
  2 big kobolds (D:13)
  A gnoll sergeant (D:12)
  15 bullfrogs
  A water moccasin zombie (D:11)
  A wyvern skeleton (D:13)
  A water moccasin skeleton (D:8)
  2 scorpions (D:7)
  A killer bee (D:13)
  13 wights
  3 electric eels
  5 howler monkeys
  A crimson imp (D:5)
  4 bullfrog zombies
  5 jellies
  2 centaur skeletons
  7 hounds
  4 orc priests
  2 bullfrog skeletons
  11 orc wizards
  Terence (D:2)
  6 iguanas
  7 hell rats (Lair:2)
  8 worker ants
  A hound zombie (D:5)
  A hound skeleton (D:6)
  12 adders
  5 gnolls (D:12)
  15 river rats (Lair:2)
  A shadow imp (D:5)
  A white imp (D:6)
  3 ufetubi
  2 oozes
  An adder skeleton (D:6)
  4 worms
  3 dart slugs
  5 leopard geckos
  41 orcs
  11 bats
  4 giant cockroaches
  10 hobgoblins
  4 jackals (D:7)
  14 quokkas
  A ball python (D:2)
  5 frilled lizards
  2 gnoll zombies (D:5)
  8 goblins
  10 kobolds
  2 quokka skeletons
  13 rats
546 creatures vanquished.

Vanquished Creatures (others)
  4 bushes (D:11)
  10 fungi
  48 plants
62 creatures vanquished.

Grand Total: 608 creatures vanquished

Notes
Turn   | Place    | Note
-------+----------+-------------------------------------------
     0 | D:1      | windgrace the Octopode Brigand began the quest for the Orb.
     0 | D:1      | Reached XP level 1. HP: 14/14 MP: 1/1
    92 | D:1      | Reached XP level 2. HP: 19/19 MP: 2/2
   385 | D:1      | Reached XP level 3. HP: 23/24 MP: 3/3
  1041 | D:2      | Noticed Terence
  1060 | D:2      | Killed Terence
  1061 | D:2      | Reached XP level 4. HP: 28/29 MP: 4/4
  1418 | D:2      | Found a blossoming altar of Fedhas.
  1498 | D:2      | Found a glowing golden altar of the Shining One.
  1579 | D:2      | Reached XP level 5. HP: 30/34 MP: 5/5
  2122 | D:3      | Found a broken altar of Ashenzari.
  2241 | D:3      | Found a faded altar of an unknown god.
  2447 | D:3      | Found a bloodstained altar of Trog.
  2871 | D:4      | Noticed an ogre
  3238 | D:4      | Killed an ogre
  3239 | D:4      | Reached skill level 5 in Throwing
  3239 | D:4      | Reached XP level 6. HP: 22/39 MP: 6/6
  3407 | D:4      | Found a staircase to the Ecumenical Temple.
  3465 | Temple   | Entered the Ecumenical Temple
  3740 | D:4      | Found a shadowy altar of Dithmenos.
  3750 | D:4      | Became a worshipper of Dithmenos the Shadowed
  3828 | D:5      | Entered Level 5 of the Dungeon
  4172 | D:5      | Reached skill level 5 in Short Blades
  4182 | D:5      | Found an iron altar of Okawaru.
  4224 | D:5      | Noticed a phantom
  4265 | D:5      | Killed a phantom
  4266 | D:5      | Reached XP level 7. HP: 22/46 MP: 7/7
  4633 | D:5      | Reached skill level 5 in Fighting
  4771 | D:5      | Reached XP level 8. HP: 20/55 MP: 8/8
  5007 | D:5      | Found a shimmering altar of Xom.
  5007 | D:5      | Found a burning altar of Makhleb.
  5221 | D:5      | Found a basalt altar of Yredelemnul.
  5226 | D:5      | Reached * piety under Dithmenos
  6187 | D:6      | Reached skill level 10 in Stealth
  6558 | D:6      | Found a sacrificial altar of Ru.
  7168 | D:7      | Reached ** piety under Dithmenos
  7201 | D:7      | Reached XP level 9. HP: 52/61 MP: 9/9
  7395 | D:7      | Noticed Menkaure
  7435 | D:7      | Killed Menkaure
  8131 | D:8      | Noticed a two-headed ogre
  8460 | D:8      | Reached skill level 5 in Dodging
  8477 | D:8      | Got an iridescent falchion
  8481 | D:8      | Identified the +8 falchion "Dragon's Curse" {freeze, rElec
                  | Int-3 Dex-3 SInv} (You found it on level 8 of the Dungeon)
  8566 | D:8      | Found a sparkling altar of Nemelex Xobeh.
  8666 | D:8      | Killed a two-headed ogre
  8667 | D:8      | Reached XP level 10. HP: 26/66 MP: 10/10
  8920 | D:8      | Reached *** piety under Dithmenos
  8961 | D:8      | Learned a level 1 spell: Freeze
  8965 | D:8      | Learned a level 3 spell: Frozen Ramparts
  8969 | D:8      | Learned a level 3 spell: Ozocubu's Armour
  8989 | D:8      | Found a shimmering blue altar of Sif Muna.
  9172 | D:8      | Found a blossoming altar of Fedhas.
  9222 | D:9      | Noticed a two-headed ogre
  9251 | D:9      | Killed a two-headed ogre
  9684 | D:9      | Reached skill level 1 in Spellcasting
 10025 | D:9      | Found an ornate altar of the Wu Jian Council.
 10774 | D:10     | Entered Level 10 of the Dungeon
 10990 | D:10     | Noticed Erolcha
 11135 | D:10     | Killed Erolcha
 11300 | D:10     | Reached XP level 11. HP: 75/75 MP: 17/17
 11356 | D:10     | Reached skill level 5 in Ice Magic
 12157 | D:11     | Found Jechoaja's Antique Weapon Shop.
 12157 | D:11     | Noticed a two-headed ogre
 12157 | D:11     | Noticed a two-headed ogre
 12170 | D:11     | Killed a two-headed ogre
 12176 | D:11     | Killed a two-headed ogre
 12197 | D:11     | Reached **** piety under Dithmenos
 12687 | D:11     | Noticed a green ugly thing
 12692 | D:11     | Killed a green ugly thing
 12693 | D:11     | Reached skill level 10 in Short Blades
 13195 | D:11     | Found a staircase to the Lair.
 13201 | D:11     | Reached XP level 12. HP: 81/81 MP: 18/18
 14065 | Lair:1   | Entered Level 1 of the Lair of Beasts
 14425 | D:11     | Learned a level 5 spell: Metabolic Englaciation
 14543 | Lair:1   | Reached ***** piety under Dithmenos
 14665 | Lair:1   | Noticed Urug
 14669 | Lair:1   | Killed Urug
 15385 | Lair:1   | Reached skill level 10 in Dodging
 15390 | Lair:1   | Reached skill level 1 in Hexes
 15722 | Lair:2   | Found a staircase to the Snake Pit.
 15735 | Snake:1  | Entered Level 1 of the Snake Pit
 15843 | Snake:1  | Noticed an anaconda
 15859 | Snake:1  | Killed an anaconda
 15868 | Snake:1  | Reached skill level 5 in Hexes
 16216 | Snake:1  | HP: 4/82 [naga ritualist/+0 dagger of venom (3)]
 16237 | Snake:1  | HP: 4/84 [poisoned by a naga ritualist]
 16244 | Snake:1  | HP: 4/84 [poisoned by a naga ritualist]
 16252 | Snake:1  | HP: 4/84 [poisoned by a naga ritualist]
 16588 | Snake:1  | Noticed a naga warrior
 16624 | Snake:1  | Killed a naga warrior
 16625 | Snake:1  | Reached XP level 13. HP: 29/90 MP: 16/19
 17050 | Lair:2   | Found a one-way gate to the infinite horrors of the Abyss.
 17050 | Lair:2   | Noticed axecop's ghost (journeyman DsAK)
 17059 | Lair:2   | Found a transporter.
 17076 | Lair:2   | Noticed a great orb of eyes
 17076 | Lair:2   | Identified the +1 demon trident of Kicann {distort, rPois
                  | rF+ Dex+3}
 17105 | Lair:2   | Found a transporter.
 17552 | Lair:2   | Reached skill level 10 in Fighting
 17552 | Lair:2   | Reached skill level 1 in Shields
 18741 | Lair:3   | Gained mutation: You are partially covered in molten
                  | scales. (AC +2) [potion of mutation]
 18741 | Lair:3   | Gained mutation: Your flesh is cold resistant. (rC+)
                  | [potion of mutation]
 18741 | Lair:3   | Gained mutation: You have a pair of small antennae on your
                  | head. [potion of mutation]
 19036 | Lair:3   | Found a staircase to the Swamp.
 19050 | Swamp:1  | Entered Level 1 of the Swamp
 19050 | Swamp:1  | Noticed a bunyip
 19055 | Swamp:1  | Killed a bunyip
 19056 | Swamp:1  | Reached skill level 5 in Shields
 21020 | Lair:4   | Reached ****** piety under Dithmenos
 21059 | Lair:4   | You fall into a shaft and drop 2 floors!
 21059 | Lair:6   | Entered Level 6 of the Lair of Beasts
 21160 | Lair:5   | Reached XP level 14. HP: 99/99 MP: 20/20
 21928 | Lair:5   | Reached skill level 10 in Shields
 21946 | Lair:5   | Reached skill level 1 in Invocations
 22571 | Lair:5   | Noticed Rupert
 22606 | Lair:5   | Killed Rupert
 22785 | Lair:6   | Found a staircase to the Slime Pits.
 22893 | Lair:5   | Reached skill level 5 in Invocations
 24200 | Lair:6   | Reached skill level 1 in Evocations
 24570 | Lair:6   | Found a burning altar of Makhleb.
 24785 | Lair:6   | Reached skill level 5 in Evocations
 24872 | Lair:6   | Found a gateway to Hell.
 25292 | D:12     | Found a staircase to the Orcish Mines.
 25898 | D:12     | Found a runed translucent door.
 25901 | D:12     | Found a shimmering altar of Xom.
 25901 | D:12     | Noticed Guntacva's ghost (journeyman TrMo)
 25977 | D:12     | Killed Guntacva's ghost
 26388 | D:12     | Found Gueseled's Antique Weapon Shop.
 26550 | D:13     | Found Pefim's Weapon Shoppe.
 26588 | D:13     | Reached skill level 5 in Spellcasting
 27059 | D:13     | Reached XP level 15. HP: 57/103 MP: 17/24
 28422 | D:13     | Identified the Incunabulum of Shape Shifting and the
                  | Mountains
 29133 | D:13     | HP: 5/103 [phantasmal warrior[a death knight] (29)]
 29135 | D:13     | Mangled by a phantasmal warrior

Illustrated notes

Levels and vault maps discovered:
D:1:      minmay_arrival_up_and_down, layout_basic, serial_rivers,
          chequers_serial_rivers_micro_c, chequers_serial_rivers_small_b,
          chequers_serial_rivers_marsh, chequers_serial_rivers_small_a,
          chequers_serial_rivers_micro_e, chequers_serial_rivers_marsh
D:2:      wad_pebble_path, layout_loops_corners, fedhas_altar_2,
          tso_oasis_becter, uniq_terence
D:3:      layout_loops_cross, lemuel_crystal_altar, general_overflow_altar,
          chequers_ecumenical_altar_island
D:4:      layout_basic, lemuel_round_altar, minmay_temple_entry_stoned_glass
D:5:      layout_loops_corners, grunt_temple_overflow_champion_of_chaos,
          kennysheep_okawaru_gauntlet, lemuel_zombie_altar_yredelemnul
D:6:      layout_basic, kennysheep_mini
D:7:      layout_rooms, uniq_menkaure
D:8:      layout_basic, overflow_temple_1_default,
          lemuel_coloured_pillars_altar, skrybe_limestone_x,
          david_defended_altar_elf
D:9:      layout_irregular_city, lemuel_crystal_altar
D:10:     layout_stronghold, uniq_erolcha
D:11:     layout_cave_pods, minmay_lair_entry_grove, serial_shops, shop
D:12:     layout_cave_pools, orc_0_dummy, ebering_ghost_xom, serial_shops,
          nicolae_shop_behind_doors
D:13:     minmay_the_grid_octo_tiled_octocenter [minmay_the_grid_octo_teeth,
          minmay_the_grid_octo_chip, minmay_the_grid_octo_thin_diamonds,
          minmay_the_grid_octo_77, minmay_the_grid_octo_prize_square_snowflake,
          minmay_the_grid_square_5x5_plus, minmay_the_grid_square_5x5_v,
          minmay_the_grid_square_5x5_shrine1,
          minmay_the_grid_square_5x5_checkered], layout_irregular_city,
          serial_shops, shop, minmay_variable_closet
D:14:     gammafunk_cloud_chamber, layout_small_grid,
          hangedman_vaults_entry_quadrant_bands, kennysheep_flooded_box,
          uniq_snorg
Temple:   dpeg_three_leaves_temple
Lair:1:   layout_cave_pods, fungi_pond_lemuel,
          eino_small_chamber_without_monster, st_stairs_3, uniq_urug
Lair:2:   lemuel_ratsnest, layout_gridlike, guppyfry_snake_entry_garden,
          enter_volcano_3, gammafunk_ghost_abyssal_escape, serial_bayou_pond_c,
          patterned_corridor
Lair:3:   layout_hall_layers, nicolae_swamp_entry_splash_gauntlet,
          minmay_lair_oklob_chamber
Lair:4:   layout_cave_pods, grunt_megastairs_2, infiniplex_staircase_pool,
          lemuel_fruit_tree
Lair:5:   layout_cave_pods, uniq_rupert
Lair:6:   evil_forest, layout_big_grid, minmay_slime_entry_pillars
Swamp:1:  layout_basic_swamp, evilmike_swamp_ruin_house_3
Snake:1:  layout_grid_maze

Skill      XL: |  1  2  3  4  5  6  7  8  9 10 11 12 13 14 15 |
---------------+----------------------------------------------+-----
Stealth        | 6 7 10 12 | 12.0
Throwing       | 4 5 |  5.0
Short Blades   | 3 5 7 8 11 12 | 12.0
Fighting       | 3 5 7 8 10 | 10.0
Dodging        | 7 8 10 | 10.0
Ice Magic      | 4 7 |  7.0
Spellcasting   | 4 6 7 |  7.0
Hexes          | 5 |  5.0
Shields        | 9 10 | 10.7
Invocations    | 7 |  7.0
Evocations     | 7 |  7.0

Action                   |  1- 3 |  4- 6 |  7- 9 | 10-12 | 13-15 || total
-------------------------+-------+-------+-------+-------+-------++-------
Melee: Dagger            |    42 |    24 |       |       |       ||    66
       Constrict         |    11 |    20 |    47 |    40 |   107 ||   225
       Tentacles         |     5 |    23 |    67 |   193 |   446 ||   734
       Short sword       |       |    85 |   271 |   642 |  1360 ||  2358
       Staff             |       |       |       |       |     1 ||     1
Throw: Dart              |    32 |    72 |    13 |    21 |    10 ||   148
       Javelin           |       |       |     3 |       |     6 ||     9
 Cast: Frozen Ramparts   |       |       |       |    45 |    68 ||   113
       Ozocubu's Armour  |       |       |       |    23 |    44 ||    67
       Freeze            |       |       |       |     6 |     1 ||     7
       Metabolic Englaci |       |       |       |       |     2 ||     2
Evoke: Wand              |       |       |       |       |     1 ||     1
  Use: Potion            |       |       |     3 |     9 |     9 ||    21
       Scroll            |       |       |     5 |     7 |    15 ||    27
 Stab: Sleeping          |     6 |     7 |    22 |    25 |    48 ||   108
       Distracted        |       |     2 |     2 |     5 |     5 ||    14
       Invisible         |       |       |       |       |     5 ||     5
Armor: Skin              |     5 |    11 |    31 |    26 |    84 ||   157
Dodge: Dodged            |    21 |    30 |    81 |   245 |   374 ||   751
Block: Other             |       |       |       |    40 |    26 ||    66
       Kite shield       |       |       |       |       |   440 ||   440
       Reflection        |       |       |       |       |     9 ||     9
